 Dungeon Crawl Stone Soup version 0.26-a0-812-g31a745ddcd (webtiles) character file.

Game seed: 5676388227180405836

5064 marklar909 the Grappler (level 10, -6/83 HPs)
             Began as a Grey Draconian Transmuter on Nov 14, 2020.
             Was an Initiate of Cheibriados.
             Mangled by a troll (20 damage)
             ... on level 8 of the Dungeon.
             The game lasted 00:15:39 (13082 turns).

marklar909 the Grappler (DrTm)                     Turns: 13082, Time: 00:15:39

Health: -6/83      AC:  2    Str: 16    XL:     10   Next: 31%
Magic:  10/16      EV: 24    Int: 15    God:    Cheibriados [......]
Gold:   428        SH:  0    Dex: 18    Spells: 5/18 levels left

rFire    . . .     SeeInvis .     - Unarmed
rCold    . . .     Faith    .   (shield currently unavailable)
rNeg     . . .     Spirit   .   (armour unavailable)
rPois    x         Reflect  .   (helmet currently unavailable)
rElec    .         Harm     .   (cloak currently unavailable)
rCorr    .         Rampage  .   (gloves currently unavailable)
MR       .....                  (boots currently unavailable)
Stlth    +++.......             (no amulet)
HPRegen  0.23/turn              (no ring)
MPRegen  0.15/turn              (no ring)

@: spider-form (expiring), marked, very slow
A: tiny, (walk through water), unfitting armour, AC +12
a: End Transformation, Bend Time, Renounce Religion


You were on level 8 of the Dungeon.
You worshipped Cheibriados.
Cheibriados was noncommittal.
You were a venomous arachnid creature.
You visited 1 branch of the dungeon, and saw 9 of its levels.

You collected 428 gold pieces.

Inventory:

Armour
 v - a +0 buckler
Jewellery
 d - a cursed ring of teleportation {unknown}
 r - a +4 ring of evasion {unknown}
Wands
 p - a wand of polymorph (6)
 q - a wand of flame (22)
 x - a wand of acid (6)
Scrolls
 a - 3 scrolls of identify
 h - a scroll of blinking
 i - 5 scrolls of remove curse
 l - a scroll of magic mapping
 m - a scroll of enchant weapon
 s - 2 scrolls of amnesia {unknown}
Potions
 b - 3 potions of heal wounds {unknown}
 c - 2 potions of magic {unknown}
 e - 3 potions of curing
 f - 2 potions of might {unknown}
 g - 2 potions of resistance {unknown}
 j - a potion of haste
 k - 2 potions of attraction {unknown}
 n - a potion of mutation {unknown}
 o - a potion of cancellation {unknown}
 t - a potion of lignification {unknown}
 w - a potion of flight {unknown}
 z - a potion of ambrosia {unknown}


   Skills:
 * Level 5.6 Fighting
 * Level 5.5 Dodging
 + Level 3.1 Stealth
 * Level 10.2 Unarmed Combat
 + Level 4.5 Spellcasting
 * Level 6.3 Transmutations
 + Level 2.6 Poison Magic
 * Level 0.5 Invocations


You had 5 spell levels left.
You knew the following spells:

 Your Spells              Type           Power        Failure   Level
a - Beastly Appendage     Tmut           ###...       6%          1
b - Spider Form           Tmut/Pois      ###.......   22%         3
c - Ice Form              Ice/Tmut       ##......     65%         4
d - Blade Hands           Tmut           ###.......   56%         5

Your spell library contained the following spells:

 Spells                   Type           Power        Failure   Level
 Wereblood                Tmut           ###.....     8%          2
 Corona                   Hex            #......      36%         1
 Ensorcelled Hibernation  Hex/Ice        #.....       47%         2
 Petrify                  Tmut/Erth      ##......     65%         4
 Confusing Touch          Hex            #.......     67%         3
 Dazzling Flash           Conj/Hex       #.....       67%         3
 Gell's Gravitas          Tloc           #.........   67%         3
 Tukima's Dance           Hex            #.......     67%         3
 Yara's Violent Unravell  Hex/Tmut       ##........   91%         5
 Metabolic Englaciation   Hex/Ice        #.........   100%        5


Dungeon Overview and Level Annotations

Branches:
Dungeon (9/15)             Temple (0/1) D:5
   Lair: D:8-11         Orc: D:9-12

Altars:
Cheibriados
Hepliaklqana
Qazlal
Sif Muna

Annotations:
D:7 2 transporters, zarzak's ghost, novice OpFi
D:9 Harold


Innate Abilities, Weirdness & Mutations

((You can walk through water.))
((Your dull iron-grey scales are very hard. (AC +12)))
You cannot fit into any form of body armour.
((You can survive without breathing.))
((You are cold-blooded and may be slowed by cold attacks.))


Message History

Confirm with . or Enter, or press ? or * to list all spells.
You turn into a venomous arachnid creature.
The troll bites you! The troll closely misses you. The troll claws you!
Unknown command.
You barely miss the troll. The troll barely misses you.
The troll completely misses you. The troll claws you!
Unknown command.
You hit the troll.
The troll is poisoned.
The troll is lightly wounded.
The troll bites you!
* * * LOW HITPOINT WARNING * * *
The troll barely misses you. The troll misses you.
Unknown command.
You fail to use your ability.
The troll bites you.
* * * LOW HITPOINT WARNING * * *
The troll misses you. The troll completely misses you.
The flow of time bends around you.
The troll resists with some effort.
Your transformation is almost over.
The troll bites you!!
You die...

###..............#...
#...........###..#...
#...#.#.##### ##.#...
#.......# #.#... #.(...###
#.#... #...#.##########.#...
#...#.........##.#...
####...(......##.#...
#s##.......##.....
#T##........###...
##########.#####(##....####
##.....##.....###.#####.###.
##..............##)(####..#..
#...................<.......#
#................##....#..###
#................#####.....##
#................# ###.....


You could see a troll (very poisoned).

Vanquished Creatures
  A two-headed ogre (D:8)
  A wyvern (D:7)
  4 yaks
  A steam dragon (D:8)
  An ice beast (D:7)
  2 orc warriors
  2 sky beasts (D:6)
  A black bear (D:8)
  A hornet zombie (D:9)
  2 phantoms
  7 centaurs
  2 ogres
  A big kobold (D:7)
  3 bullfrogs
  2 scorpions
  6 killer bees (D:7)
  5 wights (D:7)
  A jelly (D:7)
  4 bullfrog zombies
  5 hounds
  2 orc priests
  10 orc wizards
  Jessica (D:3)
  2 iguanas
  4 worker ants
  11 gnolls
  10 adders
  A white imp (D:5)
  3 ufetubi
  3 oozes
  An adder skeleton (D:5)
  An adder zombie (D:7)
  2 worms
  A dart slug (D:1)
  8 leopard geckos
  39 orcs
  7 bats
  7 giant cockroaches
  7 goblins
  5 hobgoblins
  3 jackals (D:1)
  11 kobolds
  3 quokkas
  4 frilled lizards
  A giant cockroach zombie (D:6)
  A quokka zombie (D:8)
  21 rats
221 creatures vanquished.

Notes
Turn   | Place    | Note
-------+----------+-------------------------------------------
     0 | D:1      | marklar909 the Draconian Transmuter began the quest for the
                  | Orb.
     0 | D:1      | Reached XP level 1. HP: 16/16 MP: 3/3
   553 | D:1      | Reached XP level 2. HP: 16/23 MP: 1/5
  1142 | D:1      | Reached XP level 3. HP: 28/28 MP: 4/6
  2227 | D:2      | Learned a level 3 spell: Spider Form
  2366 | D:2      | Reached XP level 4. HP: 28/35 MP: 5/7
  3024 | D:3      | Noticed Jessica
  3039 | D:3      | Killed Jessica
  3039 | D:3      | Reached skill level 1 in Stealth
  3039 | D:3      | Reached XP level 5. HP: 23/40 MP: 8/8
  3260 | D:3      | Reached skill level 4 in Unarmed Combat
  3350 | D:3      | Found a hazy altar of Hepliaklqana.
  4870 | D:4      | Reached XP level 6. HP: 24/48 MP: 10/10
  5314 | D:4      | Learned a level 4 spell: Ice Form
  6240 | D:5      | Entered Level 5 of the Dungeon
  6330 | D:5      | Reached skill level 5 in Unarmed Combat
  6508 | D:5      | Your scales start taking on a dull iron-grey colour.
  6508 | D:5      | Reached XP level 7. HP: 55/55 MP: 9/11
  6508 | D:5      | Gained mutation: You can survive without breathing. [Grey
                  | Draconian growth]
  6530 | D:5      | Found a staircase to the Ecumenical Temple.
  7673 | D:6      | Reached skill level 6 in Unarmed Combat
  7876 | D:6      | Reached XP level 8. HP: 49/63 MP: 9/13
  8055 | D:6      | Reached skill level 1 in Poison Magic
  8728 | D:7      | Found a transporter.
  8729 | D:7      | Noticed zarzak's ghost (novice OpFi)
  9063 | D:7      | Reached skill level 7 in Unarmed Combat
  9599 | D:7      | Reached XP level 9. HP: 57/72 MP: 13/15
  9679 | D:7      | Reached skill level 5 in Transmutations
 10112 | D:7      | Reached skill level 8 in Unarmed Combat
 10591 | D:7      | Found a transporter.
 10894 | D:8      | Learned a level 5 spell: Blade Hands
 10959 | D:8      | Noticed a two-headed ogre
 11005 | D:8      | Killed a two-headed ogre
 11005 | D:8      | Reached skill level 5 in Fighting
 11005 | D:8      | Reached skill level 5 in Dodging
 11005 | D:8      | Reached skill level 9 in Unarmed Combat
 11425 | D:8      | Found a snail-covered altar of Cheibriados.
 11427 | D:8      | Found a stormy altar of Qazlal.
 11432 | D:8      | Found a shimmering blue altar of Sif Muna.
 11493 | D:7      | Reached XP level 10. HP: 22/81 MP: 16/16
 12158 | D:8      | Reached skill level 10 in Unarmed Combat
 12315 | D:8      | Became a worshipper of Cheibriados the Contemplative
 12560 | D:9      | Noticed Harold
 13082 | D:8      | Mangled by a troll

Illustrated notes

Levels and vault maps discovered:
D:1:      dpeg_arrival_castle, layout_loops_corners, serial_park_tiny_2
D:2:      layout_basic, minmay_circled_x
D:3:      layout_basic, overflow_temple_1_default, hex_medium, minmay_rat_hole,
          uniq_jessica
D:4:      layout_basic, supply_closet_lemuel
D:5:      layout_gridville, minmay_temple_entry_mist
D:6:      layout_basic, gup_sewer_entry_pipe, nicolae_ossuary_entry_plus
D:7:      layout_rooms, gammafunk_ghost_mausoleum
D:8:      layout_rooms, grunt_temple_overflow_open, minmay_misc_feat_hallway
D:9:      layout_cave_pools, minitemple, nicolae_ru_sacrificial_ziggurat,
          uniq_harold

Skill      XL: |  1  2  3  4  5  6  7  8  9 10 |
---------------+-------------------------------+-----
Dodging        | 2 3 4 5 |  5.5
Stealth        | 1 2 3 |  3.1
Unarmed Combat | 4 5 6 7 9 10 | 10.2
Transmutations | 3 4 5 6 |  6.3
Spellcasting   | 3 4 |  4.5
Fighting       | 2 3 4 5 |  5.6
Poison Magic   | 1 2 |  2.6
Invocations    | |  0.5

Action                   |  1- 3 |  4- 6 |  7- 9 | 10-12 || total
-------------------------+-------+-------+-------+-------++-------
Melee: Unarmed           |   115 |   198 |   337 |    89 ||   739
       Kick              |    25 |    36 |    12 |    19 ||    92
       Tailslap          |     9 |    21 |     6 |    15 ||    51
       Headbutt          |    13 |    15 |     3 |    16 ||    47
       Punch             |     3 |     3 |       |     8 ||    14
 Cast: Beastly Appendage |    26 |    37 |     7 |    13 ||    83
       Spider Form       |       |       |    44 |     2 ||    46
Invok: Bend Time         |       |       |       |     3 ||     3
  Use: Scroll            |       |     6 |     3 |     3 ||    12
       Potion            |       |       |       |     2 ||     2
 Stab: Sleeping          |     1 |     1 |     5 |     1 ||     8
Armor: Skin              |    36 |    44 |    30 |    31 ||   141
Dodge: Dodged            |    79 |   141 |   307 |   100 ||   627

Table legend: (Time is in decaauts)
 A = Elapsed time spent in this place.
 B = Non-inter-level travel time spent in this place.
 C = Inter-level travel time spent in this place.
 D = Time resting spent in this place.
 E = Time spent auto-exploring this place.
 F = Levels seen in this place.
 G = Mean time per level.
                   A        B        C        D        E       F      G
               +--------+--------+--------+--------+--------+-----+--------+
         Total |  13115 |  12495 |    620 |   2876 |   7683 |   9 | 1457.2 |
       Dungeon |  13115 |  12495 |    620 |   2876 |   7683 |   9 | 1457.2 |
               +--------+--------+--------+--------+--------+-----+--------+

Top non-repeatable levels by time:
     D:6: 2007 daAuts
     D:7: 1982 daAuts
     D:1: 1700 daAuts
     D:2: 1664 daAuts
     D:4: 1463 daAuts
     D:3: 1455 daAuts
     D:8: 1428 daAuts
     D:5: 1338 daAuts
     D:9: 74 daAuts
